Match 46958841
Unlisted

Match 46958841
End
Selects Luftwaffe Battlegroup
Selects Luftwaffe Pioneer Support
Fallschirmpioneer Squad Paradrop
Construct Infanterie Kompanie
Grenadier Squad
Grenadier Squad
Selects Reconnaissance Run
MG 42 Machine Gun Team
Construct Panzergrenadier Kompanie
Selects Fallschirmjäger Squad Paradrop
Fallschirmjäger Squad Paradrop
Panzergrenadier Officer Quarters
Support Elements
Pak 40 Anti-tank Gun Team
Medical Station
StuG III G Assault Gun
Reconnaissance Run
Fallschirmjäger Squad Paradrop
rocketpossum
Ninefingers
0
0

Comments sign in to comment!

No comments posted yet!